 Dungeon Crawl Stone Soup version 0.27-a0-1202-ge72e49191c (webtiles) character file.

Game seed: 11843461857485220719

271194 pokeman the Sorcerer (level 19, -1/127 HPs)
             Began as a Deep Elf Hedge Wizard on June 2, 2021.
             Was the Champion of Vehumet.
             Slain by a shock serpent (13 damage)
             ... on level 4 of the Snake Pit.
             The game lasted 03:03:13 (52284 turns).

pokeman the Sorcerer (Deep Elf Hedge Wizard)       Turns: 52284, Time: 03:03:14

Health: -1/127     AC: 22    Str:  7    XL:     19   Next: 44%
Magic:  47/51      EV: 10    Int: 40    God:    Vehumet [******]
Gold:   3118       SH:  6    Dex: 10    Spells: 26/70 levels left

rFire    + + +     SeeInvis +   M - staff of fire
rCold    . . .     Faith    .   r - +2 buckler {AC+3}
rNeg     . . .     Spirit   .   a - +0 swamp dragon scales
rPois    +         Reflect  .   m - +2 helmet {SInv}
rElec    .         Harm     .   Y - +2 cloak
rCorr    .         Rampage  .   L - +0 pair of gloves {Stlth+}
Will     +....                  u - +0 pair of boots
Stlth    +++.......             E - amulet of Vitality {Regen+ HP+15}
HPRegen  1.31/turn              i - +6 ring of intelligence
MPRegen  0.32/turn              C - ring of the Pharaoh's Fist {rPois rF++ Int+6 Dex-4 Stlth+}

@: swift, weakened, very quick
A: no striking features
}: 2/15 runes: serpentine, barnacled
a: Renounce Religion


You were on level 4 of the Snake Pit.
You worshipped Vehumet.
Vehumet was exalted by your worship.
You visited 6 branches of the dungeon, and saw 32 of its levels.
You also visited: Sewer.

You collected 4008 gold pieces.
You spent 890 gold pieces at shops.

Inventory:

Hand Weapons
 p - the +6 whip of Keusk {distort, rN+ Int+5 Dex-3}
   (You took it off a naga ritualist on level 4 of the Snake Pit)

   It warps and distorts space around it.
   Unwielding it can cause banishment or high damage.
   It affects your intelligence (+5).
   It affects your dexterity (-3).
   It protects you from negative energy.
 v - the +8 hand crossbow "Poraaluwuc" {speed, rN+}
   (You bought it in a shop on level 2 of the Orcish Mines)

   Attacks with this weapon are significantly faster.
   It protects you from negative energy.
 G - the +8 rapier of Ydoatt {venom, +Blink rC++ Int-3 Dex-5}
   (You found it on level 4 of the Snake Pit)

   It poisons the flesh of those it strikes.
   It affects your intelligence (-3).
   It affects your dexterity (-5).
   It greatly protects you from cold.
   It lets you blink.
Missiles
 d - 517 bolts
Armour
 a - +0 swamp dragon scales (worn)
 h - a scarf of invisibility
 m - a +2 helmet of see invisible (worn)
 r - a +2 buckler of protection (worn)
 s - a +2 leather armour of cold resistance
 u - a +0 pair of boots (worn)
 L - a +0 pair of gloves of stealth (worn)
 T - the +1 helmet of Absolutism {rElec Will+ Int+4}
   (You bought it in a shop on level 3 of the Shoals)

   It affects your intelligence (+4).
   It insulates you from electricity.
   It increases your willpower.
 Y - a +2 cloak (worn)
Magical Staves
 A - a staff of air
 D - a staff of conjuration
 M - a staff of fire (weapon)
Jewellery
 b - a ring of protection from fire
 i - a +6 ring of intelligence (left hand)
 l - a ring of protection from cold
 n - the amulet of the Four Winds {rN+ Will+++ Clar}
   (You found it on level 11 of the Dungeon)

   [amulet of nothing]

   It protects you from negative energy.
   It protects you against confusion.
   It greatly increases your willpower.
 C - the ring of the Pharaoh's Fist (right hand) {rPois rF++ Int+6 Dex-4 Stlth+}
   (You found it on level 4 of the Dungeon)

   [ring of intelligence]

   It affects your intelligence (+6).
   It affects your dexterity (-4).
   It greatly protects you from fire.
   It protects you from poison.
   It makes you more stealthy.
 E - the amulet of Vitality (around neck) {Regen+ HP+15}
   (You found it on level 4 of the Dungeon)

   [amulet of regeneration]

   It affects your health (+15).
   It increases your rate of health regeneration.
 H - a ring of protection from fire
 Q - a ring of protection from cold
 Z - a ring of flight
Wands
 y - a wand of mindburst (10)
Scrolls
 j - a scroll of enchant armour
 o - 3 scrolls of magic mapping
 t - 12 scrolls of teleportation
 x - a scroll of fog
 z - a scroll of brand weapon
 O - 5 scrolls of blinking
 P - a scroll of holy word
 X - 8 scrolls of enchant weapon
Potions
 c - a potion of resistance
 e - 22 potions of curing
 f - 2 potions of brilliance
 g - 10 potions of haste
 q - a potion of might
 w - 2 potions of heal wounds
 F - 4 potions of magic
Miscellaneous
 k - a phantom mirror
 B - a condenser vane
 I - a lightning rod (4/4)
 R - a tin of tremorstones (2/2)


   Skills:
 + Level 9.9 Fighting
 - Level 9.0 Armour
 - Level 3.0 Dodging
 - Level 3.2 Stealth
 - Level 4.1 Shields
 * Level 26.1 Spellcasting
 + Level 17.0 Conjurations
 - Level 1.1 Summonings
 - Level 1.1 Translocations
 + Level 16.8 Fire Magic
 - Level 1.0 Ice Magic
 - Level 1.3 Air Magic
 - Level 1.3 Poison Magic
 - Level 1.1 Evocations


You had 26 spell levels left.
You knew the following spells:

 Your Spells              Type           Power      Damage    Failure   Level
a - Magic Dart            Conj           100%       1d8       0%          1
b - Mephitic Cloud        Conj/Pois/Air  81%        N/A       1%          3
c - Call Imp              Summ           57%        N/A       1%          2
d - Blink                 Tloc           N/A        N/A       1%          2
e - Conjure Flame         Conj/Fire      100%       6-21      0%          3
f - Shock                 Conj/Air       100%       1d9       0%          1
g - Starburst             Conj/Fire      68%        8x6d18    1%          6
h - Orb of Destruction    Conj           56%        9d16      1%          7
i - Freezing Cloud        Conj/Ice/Air   40%        6-21      2%          6
j - Ignition              Fire           68%        3d18      1%          8
k - Passwall              Tmut/Erth      42%        N/A       1%          2
l - Swiftness             Air            58%        N/A       1%          3

Your spell library contained the following spells:

 Spells                   Type           Power      Damage    Failure   Level
 Absolute Zero            Ice            28%        ∞         100%        9
 Shatter                  Erth           25%        3d22*     100%        9
 Foxfire                  Conj/Fire      100%       2x1d9     0%          1
 Iskenderun's Battlesphe  Conj           100%       2d15      0%          5
 Corona                   Hex            56%        N/A       1%          1
 Pain                     Necr           100%       1d9       1%          1
 Sandblast                Erth           100%       2d20      1%          1
 Slow                     Hex            51%        N/A       1%          2
 Static Discharge         Conj/Air       90%        N/A       1%          2
 Sublimation of Blood     Necr           25%        N/A       1%          2
 Gell's Gravitas          Tloc           28%        N/A       1%          3
 Lesser Beckoning         Tloc           28%        N/A       1%          3
 Stone Arrow              Conj/Erth      100%       3d13      1%          3
 Teleport Other           Tloc           57%        N/A       1%          3
 Bolt of Magma            Conj/Fire/Erth 60%        4d24      1%          5
 Fireball                 Conj/Fire      68%        3d26      1%          5
 Irradiate                Conj/Tmut      44%        3d28      1%          5
 Iron Shot                Conj/Erth      44%        9d9       1%          6
 Confusing Touch          Hex            51%        N/A       2%          3
 Spellforged Servitor     Conj/Summ      45%        N/A       5%          7
 Passage of Golubria      Tloc           N/A        N/A       6%          4
 Lee's Rapid Deconstruct  Erth           25%        3d15*     7%          5
 Yara's Violent Unravell  Hex/Tmut       25%        3d11      7%          5
 Cause Fear               Hex            25%        N/A       9%          4
 Leda's Liquefaction      Hex/Erth       25%        N/A       9%          4
 Petrify                  Tmut/Erth      51%        N/A       9%          4
 Manifold Assault         Tloc           57%        N/A       16%         5
 Metabolic Englaciation   Hex/Ice        27%        N/A       21%         5
 Blade Hands              Tmut           25%        N/A       80%         6
 Invisibility             Hex            51%        N/A       80%         6
 Statue Form              Tmut/Erth      34%        N/A       80%         6
 Dragon Form              Tmut           25%        N/A       100%        7
 Dragon's Call            Summ           28%        N/A       100%        9


Dungeon Overview and Level Annotations

Branches:
Dungeon (15/15)            Temple (1/1) D:4            Lair (6/6) D:9
 Shoals (4/4) Lair:4        Snake (4/4) Lair:3        Slime (0/5) Lair:6
    Orc (2/2) D:12            Elf (0/3) Orc:2        Vaults (0/5) D:14
 Depths (0/5) D:15          Sewer (visited)

Altars:
Cheibriados
Elyvilon
Fedhas
Gozag
Hepliaklqana
Kikubaaqudgha
Makhleb
Nemelex Xobeh
Okawaru
Qazlal
Ru
Sif Muna
Trog
Uskayaw
Vehumet
Wu Jian
Xom
Zin
Beogh

Shops:
Orc:2 *(([   Shoals:3 *([**   Snake:3 [[?*(   Snake:4 *

Annotations:
Snake:4 Araeheci's ghost, adept MiGl


Message History

The naga sharpshooter wields a +0 longbow.
The naga sharpshooter gestures wildly while chanting.
The naga sharpshooter magically shoots an arrow.
The arrow hits you!
The salamander tyrant is engulfed in freezing vapours.
Unknown command.
The naga is engulfed in freezing vapours.
The naga ritualist is engulfed in freezing vapours.
The shock serpent shoots out a bolt of lightning at you!
The bolt of electricity hits you!!
Unknown command.
The mana viper is engulfed in freezing vapours.
The naga sharpshooter is engulfed in freezing vapours.
The shock serpent shoots out a bolt of lightning at you!
The bolt of electricity hits you!! x2
* * * LOW HITPOINT WARNING * * *
The bolt of electricity hits the shock serpent.
The shock serpent completely resists.
The bolt of electricity misses the black mamba.
The guardian serpent is engulfed in freezing vapours.
You block the black mamba's attack.
The naga is engulfed in freezing vapours.
You kill the naga!
Vehumet accepts your kill.
You feel your power returning.
Unknown command.
The salamander tyrant gazes fiercely through you!
You feel your attacks grow feeble.
The mana viper is engulfed in freezing vapours.
The mana viper seems to slow down.
You kill the mana viper!
Vehumet accepts your kill.
You feel your power returning.
There is a transporter here.
Unknown command.
You enter the transporter and appear at another place.
The shock serpent barely misses you. The shock serpent bites you!
* * * LOW HITPOINT WARNING * * *
The shock serpent shocks you!
You die...

#####..###..[.....#.##..[......#
#..###........#.##.........#
#.......[..................#
#..#####)###..#########....#
#..# #.# #.##§......##...#
#).#####[###.#8....N..8#...# #
#.)....).)...#...N.....#...#
#####.)......<...#.SW..N...#...#
..........).))..@#S[.S©§§§.#©..#
.....)...<......S#.....§§§.#..##
.).[)............#.....§§§.#.##
#####..).)[......#8.......8#.#
#..#)###....(##.......##.#
#..[).######..#########..#
#..)[....................#
#.)...######...###...###.#
#...).####.......#...# #.#


You could see a naga sharpshooter, a salamander tyrant, a naga ritualist, a
shock serpent, a guardian serpent, 2 black mambas and Araeheci's ghost.

Vanquished Creatures
  Vashnia (Snake:2)
  2 krakens
  Polyphemus (Shoals:4)
  Gastronok (D:8)
  Ilsuiw (Shoals:4)
  Roxanne (D:14)
  8 nagarajas
  Aizul (Shoals:4)
  2 orc warlords (Orc:2)
  A quicksilver ooze (shapeshifter) (D:13)
  Nessos (Orc:2)
  6 dire elephants (Lair:6)
  Josephine (D:12)
  4 merfolk impalers
  6 merfolk javelineers (Shoals:4)
  A fire dragon (Shoals:3)
  An ettin (D:15)
  Fannar (Lair:2)
  8 hydras
  Erolcha (D:12)
  Harold (Lair:1)
  A rakshasa (D:14)
  An ogre mage (D:14)
  5 salamander tyrants
  6 merfolk avatars
  14 naga warriors
  2 alligator snapping turtles (Shoals:4)
  An ice dragon (Shoals:3)
  2 catoblepae
  3 centaur warriors
  13 anacondas
  Erica (Lair:2)
  2 satyrs
  10 two-headed ogres
  8 boulder beetles
  2 tengu warriors
  9 merfolk aquamancers
  18 naga sharpshooters
  An orc high priest (Orc:2)
  12 shock serpents
  4 death yaks
  12 salamander mystics
  4 skeletal warriors (D:15)
  A spectral anaconda (Lair:6)
  A death drake (shapeshifter) (D:11)
  A deep troll (D:15)
  A swamp dragon (D:11)
  9 sea snakes
  An obsidian statue (Lair:6)
  9 naga ritualists
  4 necromancers
  2 wizards (D:15)
  An orc knight (D:13)
  5 deep elf pyromancers
  21 ugly things
  Pikel (D:4)
  15 harpies
  13 mana vipers
  4 orc sorcerers
  7 manticores
  An oklob plant (Lair:3)
  28 salamanders
  12 fauns
  8 cyclopes
  7 merfolk sirens
  A dire elephant zombie (Lair:6)
  19 elephants
  2 water nymphs (Shoals:3)
  55 black mambas
  6 guardian serpents
  Psyche (D:12)
  25 naga magi
  Maggie (D:9)
  An efreet (D:11)
  4 unseen horrors
  15 cane toads
  A gargoyle (D:11)
  4 komodo dragons
  A dire elephant skeleton (Lair:6)
  3 rime drakes
  2 tengu conjurers
  2 anaconda simulacra (Lair:4)
  5 yaktaurs
  5 trolls
  10 wind drakes
  A hornet (Lair:3)
  3 meliai (D:14)
  32 merfolk
  14 blink frogs
  A blink frog (shapeshifter) (D:15)
  14 slime creatures
  9 snapping turtles
  3 spectral elephants (Lair:6)
  4 dream sheep (Shoals:2)
  Sigmund (D:3)
  A spriggan (D:9)
  9 water elementals
  2 shadows
  A tarantella (shapeshifter) (D:15)
  A dire elephant simulacrum (Lair:6)
  A vampire (D:11)
  A ynoxinul (D:10)
  5 wyverns
  22 yaks
  7 wraiths
  A fire elemental (Lair:4)
  2 basilisks
  2 steam dragons
  10 vampire mosquitoes
  A death yak simulacrum (Lair:6)
  A spectral cane toad (Lair:6)
  Menkaure (D:5)
  A warg (Orc:1)
  7 acid dragons
  68 nagas
  3 hydra simulacra (Lair:4)
  20 water moccasins
  A meliai simulacrum (D:14)
  52 orc warriors
  A sky beast (D:6)
  Purgy (D:4)
  A black bear (Lair:3)
  3 elephant zombies (Lair:6)
  A necrophage (D:4)
  10 ogres
  17 centaurs
  4 boggarts (D:15)
  20 wolves
  2 elephant skeletons (Lair:6)
  A lemure (D:4)
  A phantom (D:6)
  4 kobold brigands
  A gnoll sergeant (D:10)
  2 scorpions
  3 bullfrogs
  2 cane toad simulacra
  A water moccasin skeleton (D:5)
  3 elephant simulacra (Lair:6)
  8 killer bees
  14 wights
  A vampire bat (D:8)
  2 howler monkeys
  9 electric eels
  6 centaur zombies
  9 jellies
  A hound (D:4)
  A gnoll shaman (D:9)
  23 orc priests
  2 bullfrog skeletons
  Ijyb (D:3)
  Terence (D:2)
  Jessica (D:2)
  A centaur skeleton (D:6)
  An iguana (D:5)
  48 orc wizards
  A killer bee zombie (D:9)
  7 gnolls
  6 adders
  2 river rats (Sewer)
  An ufetubus (D:4)
  An adder skeleton (D:4)
  A worm (D:4)
  9 dart slugs
  125 orcs
  23 endoplasms
  7 giant cockroaches
  7 goblins
  4 hobgoblins
  8 jackals
  A jackal (shapeshifter) (D:15)
  22 kobolds
  7 quokkas
  9 ball pythons
  10 bats
  10 frilled lizards
  13 rats
  12 bushes
  A plant (Shoals:3)
  5 tentacles
1297 creatures vanquished.

Vanquished Creatures (collateral kills)
  Grinder (D:3)
  A yak (D:8)
  2 killer bees
  An endoplasm (D:6)
5 creatures vanquished.

Vanquished Creatures (others)
  A centaur zombie (D:11)
  A black mamba (Snake:4)
  An orc warrior (Orc:1)
  An orc (D:14)
  30 fungi
  149 plants
  10 tentacles
  19 withered plants (Lair:6)
212 creatures vanquished.

Grand Total: 1514 creatures vanquished

Notes
Turn   | Place    | Note
-------+----------+-------------------------------------------
     0 | D:1      | pokeman the Deep Elf Hedge Wizard began the quest for the
                  | Orb.
     0 | D:1      | Reached XP level 1. HP: 10/10 MP: 7/7
   216 | D:1      | Reached XP level 2. HP: 16/16 MP: 4/9
   882 | D:1      | Reached skill level 5 in Spellcasting
  1115 | D:1      | Reached XP level 3. HP: 20/20 MP: 5/11
  1148 | D:1      | HP: 1/20 [dart slug/slug dart (2)]
  1572 | D:1      | Learned a level 3 spell: Mephitic Cloud
  1575 | D:1      | Learned a level 2 spell: Call Imp
  1578 | D:1      | Learned a level 2 spell: Blink
  1582 | D:1      | Learned a level 3 spell: Conjure Flame
  1654 | D:2      | Reached skill level 1 in Fighting
  1654 | D:2      | Reached skill level 1 in Armour
  2003 | D:2      | Found a faded altar of an unknown god.
  2285 | D:2      | Reached XP level 4. HP: 25/25 MP: 2/13
  2510 | D:2      | Found a blossoming altar of Fedhas.
  2522 | D:2      | Noticed Terence
  2564 | D:2      | Killed Terence
  2665 | D:2      | Noticed Jessica
  2669 | D:2      | Killed Jessica
  2670 | D:2      | Reached skill level 1 in Fire Magic
  2830 | D:3      | Noticed Sigmund
  2851 | D:3      | Killed Sigmund
  2852 | D:3      | Reached skill level 6 in Spellcasting
  2852 | D:3      | Reached skill level 1 in Air Magic
  2852 | D:3      | Reached XP level 5. HP: 29/29 MP: 9/16
  2852 | D:3      | Reached XP level 6. HP: 34/34 MP: 9/17
  2958 | D:3      | Found a blossoming altar of Fedhas.
  3024 | D:3      | Noticed Ijyb
  3044 | D:3      | Killed Ijyb
  3280 | D:3      | Noticed Grinder
  3282 | D:3      | Paralysed by Grinder for 3 turns
  3292 | D:3      | Paralysed by Grinder for 2 turns
  3493 | D:3      | Found a sacrificial altar of Ru.
  3496 | D:3      | Reached skill level 7 in Spellcasting
  3624 | D:3      | Paralysed by Grinder for 2 turns
  3628 | D:3      | Paralysed by Grinder for 7 turns
  3653 | D:3      | Killed Grinder
  3654 | D:3      | Reached skill level 1 in Poison Magic
  3654 | D:3      | Reached skill level 1 in Evocations
  3903 | D:4      | Noticed Purgy
  3910 | D:4      | Killed Purgy
  3911 | D:4      | Reached XP level 7. HP: 37/38 MP: 14/20
  3951 | D:4      | Found a large runed translucent door.
  3952 | D:4      | Found a large runed translucent door.
  3979 | D:4      | Found a glowing drain.
  3996 | D:4      | Found a staircase to the Ecumenical Temple.
  3997 | D:4      | Noticed Pikel
  4011 | Temple   | Entered the Ecumenical Temple
  4056 | Temple   | Became a worshipper of Vehumet
  4112 | Sewer    | Entered a sewer
  4726 | D:4      | Reached skill level 8 in Spellcasting
  4733 | D:4      | Killed Pikel
  4734 | D:4      | Reached skill level 9 in Spellcasting
  4734 | D:4      | Reached XP level 8. HP: 45/45 MP: 12/23
  4856 | D:4      | Found a large runed translucent door.
  4856 | D:4      | Found a large runed translucent door.
  5448 | D:4      | Found a large runed translucent door.
  5448 | D:4      | Found a large runed translucent door.
  5481 | D:4      | Reached * piety under Vehumet
  5481 | D:4      | Offered knowledge of Sandblast by Vehumet.
  5660 | D:4      | Found the amulet of Vitality {Regen+ HP+15}
  6029 | D:4      | Reached skill level 5 in Conjurations
  6038 | D:4      | Identified the ring of the Pharaoh's Fist {rPois rF++ Int+6
                  | Dex-4 Stlth+}
  6127 | D:4      | Found an ornate altar of the Wu Jian Council.
  6153 | D:4      | Found a sparkling altar of Nemelex Xobeh.
  6223 | D:5      | Entered Level 5 of the Dungeon
  6370 | D:5      | Reached skill level 10 in Spellcasting
  6479 | D:5      | Noticed Menkaure
  6486 | D:5      | Killed Menkaure
  7209 | D:6      | Reached XP level 9. HP: 49/49 MP: 15/25
  7675 | D:6      | Killed an unseen horror
  7676 | D:6      | Reached skill level 11 in Spellcasting
  7849 | D:6      | Reached skill level 5 in Fire Magic
  7853 | D:6      | Reached ** piety under Vehumet
  7853 | D:6      | Offered knowledge of Shock by Vehumet.
  8772 | D:7      | Reached skill level 12 in Spellcasting
  8897 | D:7      | Learned a level 1 spell: Shock
  8913 | D:7      | Offered knowledge of Inner Flame by Vehumet.
  9627 | D:7      | Reached XP level 10. HP: 56/56 MP: 25/28
  9651 | D:8      | Reached *** piety under Vehumet
  9699 | D:8      | Noticed a two-headed ogre
  9712 | D:8      | Killed a two-headed ogre
  9811 | D:8      | Noticed Gastronok
  9844 | D:8      | Killed Gastronok
  9845 | D:8      | Reached skill level 13 in Spellcasting
 10166 | D:8      | Offered knowledge of Hailstorm by Vehumet.
 10490 | D:8      | Found an opulent altar of Gozag.
 10518 | D:8      | Found a glowing silver altar of Zin.
 10848 | D:9      | Reached skill level 14 in Spellcasting
 10848 | D:9      | Reached **** piety under Vehumet
 11011 | D:9      | Noticed a two-headed ogre
 11029 | D:9      | Killed a two-headed ogre
 11030 | D:9      | Reached XP level 11. HP: 61/61 MP: 18/31
 11117 | D:9      | Noticed a two-headed ogre
 11142 | D:9      | Killed a two-headed ogre
 11142 | D:9      | Offered knowledge of Ignite Poison by Vehumet.
 11826 | D:9      | Found a staircase to the Lair.
 11928 | D:10     | Entered Level 10 of the Dungeon
 12045 | D:10     | Found a bloodstained altar of Trog.
 12634 | D:10     | Found a stormy altar of Qazlal.
 12634 | D:10     | Found a hazy altar of Hepliaklqana.
 12776 | D:10     | Reached skill level 5 in Armour
 12921 | D:10     | Found a shimmering blue altar of Sif Muna.
 12927 | D:10     | Identified Sif Muna's Disquisition on Doomed Malediction
 13909 | D:11     | Noticed a two-headed ogre
 13922 | D:11     | Killed a two-headed ogre
 13923 | D:11     | Reached skill level 15 in Spellcasting
 14109 | D:11     | Reached skill level 1 in Shields
 14219 | D:11     | Found a white marble altar of Elyvilon.
 14608 | D:11     | Reached ***** piety under Vehumet
 14886 | D:11     | Offered knowledge of Starburst by Vehumet.
 14894 | D:11     | Learned a level 6 spell: Starburst
 14915 | D:11     | Noticed a boulder beetle
 14915 | D:11     | Noticed a six-headed hydra
 14919 | D:11     | Killed a boulder beetle
 14919 | D:11     | Killed a six-headed hydra
 14920 | D:11     | Reached XP level 12. HP: 51/66 MP: 17/33
 15052 | D:11     | Noticed a two-headed ogre
 15062 | D:11     | Killed a two-headed ogre
 15063 | D:11     | Reached skill level 16 in Spellcasting
 15138 | D:11     | Noticed a two-headed ogre
 15154 | D:11     | Reached skill level 10 in Conjurations
 15154 | D:11     | Noticed a two-headed ogre
 15164 | D:11     | Killed a two-headed ogre
 15164 | D:11     | Killed a two-headed ogre
 15610 | D:11     | Noticed a centaur warrior
 15624 | D:11     | Killed a centaur warrior
 15729 | D:11     | Reached skill level 10 in Fire Magic
 15825 | D:11     | Noticed a boulder beetle
 15837 | D:11     | Killed a boulder beetle
 15838 | D:11     | Reached skill level 17 in Spellcasting
 15954 | D:11     | Noticed a four-headed hydra
 15968 | D:11     | Killed a four-headed hydra
 16028 | D:11     | Found the amulet of the Four Winds {rN+ Will+++ Clar}
 16263 | D:12     | Noticed Josephine
 16263 | D:12     | Noticed a boulder beetle
 16283 | D:12     | Killed a boulder beetle
 16427 | D:12     | Killed Josephine
 16565 | D:12     | Reached XP level 13. HP: 72/72 MP: 24/36
 17088 | D:12     | Noticed Erolcha
 17098 | D:12     | Killed Erolcha
 17193 | D:12     | Noticed Psyche
 17198 | D:12     | Killed Psyche
 17598 | D:12     | Found a staircase to the Orcish Mines.
 17894 | D:13     | Learned a level 7 spell: Orb of Destruction
 18037 | D:13     | Offered knowledge of Lightning Bolt by Vehumet.
 18041 | D:13     | Reached skill level 5 in Fighting
 18198 | D:13     | Found a stormy altar of Qazlal.
 18274 | D:13     | Reached skill level 18 in Spellcasting
 18987 | D:13     | Noticed a quicksilver ooze
 18991 | D:13     | Killed a quicksilver ooze
 19281 | D:14     | Identified the +1 dagger of Temperance {antimagic, rElec
                  | rPois}
 19822 | D:14     | Found a gate to the Vaults.
 20005 | D:14     | Reached skill level 19 in Spellcasting
 20182 | D:14     | Reached XP level 14. HP: 80/80 MP: 27/39
 20784 | D:14     | Identified Roxanne's Tome of the Rocks
 20784 | D:14     | Noticed Roxanne
 21591 | D:14     | Killed Roxanne
 21727 | D:15     | Entered Level 15 of the Dungeon
 22397 | Lair:1   | Entered Level 1 of the Lair of Beasts
 22397 | Lair:1   | Noticed Maggie
 22402 | D:9      | Killed Maggie
 23020 | Lair:1   | Noticed Harold
 23025 | Lair:1   | Killed Harold
 23025 | Lair:1   | Offered knowledge of Ozocubu's Refrigeration by Vehumet.
 23743 | Lair:2   | Reached skill level 20 in Spellcasting
 23947 | Lair:2   | Found a bloodstained altar of Trog.
 24047 | Lair:2   | Noticed Erica
 24051 | Lair:2   | Noticed Fannar
 24053 | Lair:2   | Killed Erica
 24057 | Lair:2   | Killed Fannar
 25002 | Lair:3   | Found a staircase to the Snake Pit.
 25857 | Lair:3   | Identified a scroll of acquirement
 26700 | Lair:4   | Reached XP level 15. HP: 84/84 MP: 29/41
 26789 | Lair:4   | Found a staircase to the Shoals.
 26967 | Lair:4   | Found a transporter.
 27121 | Lair:4   | Found a transporter.
 28598 | Lair:6   | Entered Level 6 of the Lair of Beasts
 28662 | Lair:6   | Found a staircase to the Slime Pits.
 28806 | Lair:6   | Reached skill level 21 in Spellcasting
 29065 | Lair:6   | Offered knowledge of Conjure Ball Lightning by Vehumet.
 30074 | Lair:6   | Identified the Grimoire of Ignition and Lightness
 30083 | Lair:6   | Learned a level 6 spell: Freezing Cloud
 30223 | Lair:6   | Reached skill level 1 in Ice Magic
 31346 | Temple   | Acquired 873 gold pieces
 32266 | D:15     | Reached XP level 16. HP: 92/92 MP: 24/43
 32595 | D:15     | Identified the +4 hand axe "Acarinebane" {vorpal, rCorr
                  | Str-4 Int+3}
 32629 | D:15     | Found a staircase to the Depths.
 32895 | Orc:1    | Entered Level 1 of the Orcish Mines
 32947 | Orc:1    | Offered knowledge of Eringya's Noxious Bog by Vehumet.
 33126 | Orc:2    | Entered Level 2 of the Orcish Mines
 33156 | Orc:2    | Found a burning altar of Makhleb.
 33165 | Orc:2    | Reached skill level 22 in Spellcasting
 33832 | Orc:2    | Noticed Nessos
 33851 | Orc:2    | Killed Nessos
 34472 | Orc:2    | Found Jearor's Antique Armour Shop.
 34478 | Orc:2    | Found Vasm's Antique Weapon Boutique.
 34517 | Orc:2    | Found a staircase to the Elven Halls.
 34922 | Orc:2    | Found Zolisost's Weapon Emporium.
 34984 | Orc:2    | Found Ura Impa's Assorted Antiques.
 35143 | Orc:2    | Bought a shiny buckler for 240 gold pieces
 35160 | Orc:2    | Bought an iridescent hand crossbow for 272 gold pieces
 35160 | Orc:2    | Identified the +8 hand crossbow "Poraaluwuc" {speed, rN+}
                  | (You bought it in a shop on level 2 of the Orcish Mines)
 35189 | Orc:1    | Reached ****** piety under Vehumet
 35319 | Orc:1    | Found a runed translucent door.
 35321 | Orc:1    | Offered knowledge of Conjure Ball Lightning by Vehumet.
 35854 | Shoals:1 | Entered Level 1 of the Shoals
 37485 | Shoals:2 | Noticed a kraken
 37498 | Shoals:2 | Killed a kraken
 37700 | Shoals:2 | Offered knowledge of Chain Lightning by Vehumet.
 37970 | Shoals:3 | Found Ashudiex's Weapon Shop.
 37998 | Shoals:3 | Found Afygof's Antique Armour Shoppe.
 38007 | Shoals:3 | Bought an encrusted helmet for 266 gold pieces
 38007 | Shoals:3 | Identified the +1 helmet of Absolutism {rElec Will+ Int+4}
                  | (You bought it in a shop on level 3 of the Shoals)
 38049 | Shoals:3 | Reached skill level 23 in Spellcasting
 38095 | Shoals:3 | Found Qousisopsa's General Store.
 38101 | Shoals:3 | Found Gubulom's Assorted Antiques.
 38701 | Shoals:3 | Found Teigaep's Island Escapes.
 38740 | Shoals:3 | Bought a scroll of blinking for 112 gold pieces
 39192 | Shoals:3 | Identified the +1 animal skin of Inquiry {rPois Str-4 Dex+5
                  | Stlth+}
 39226 | Shoals:4 | Entered Level 4 of the Shoals
 39289 | Shoals:4 | Reached XP level 17. HP: 87/97 MP: 2/46
 39666 | Shoals:4 | Reached skill level 15 in Conjurations
 40036 | Shoals:4 | Noticed a kraken
 40045 | Shoals:4 | Killed a kraken
 40226 | Shoals:4 | Noticed Aizul
 40241 | Shoals:4 | Noticed Polyphemus
 40520 | Shoals:4 | Killed Aizul
 40928 | Shoals:4 | Offered knowledge of Shatter by Vehumet.
 40928 | Shoals:4 | Offered knowledge of Ignition by Vehumet.
 40928 | Shoals:4 | Offered knowledge of Absolute Zero by Vehumet.
 40938 | Shoals:4 | Learned a level 8 spell: Ignition
 41014 | Shoals:4 | Reached skill level 15 in Fire Magic
 41015 | Shoals:4 | Killed Polyphemus
 41016 | Shoals:4 | Noticed Ilsuiw
 41298 | Shoals:4 | Killed Ilsuiw
 41920 | Shoals:4 | Got a barnacled rune of Zot
 42074 | Shoals:4 | Reached skill level 24 in Spellcasting
 42283 | Shoals:4 | Identified the ring of Ameefainuc {rPois Will- Str+6 Int+4}
 43405 | Snake:1  | Entered Level 1 of the Snake Pit
 43603 | Snake:1  | Learned a level 2 spell: Passwall
 43607 | Snake:1  | Learned a level 3 spell: Swiftness
 45036 | Snake:1  | Reached XP level 18. HP: 103/103 MP: 29/48
 45110 | Snake:1  | Identified the +1 robe "Gaasoani" {rElec}
 46083 | Snake:2  | Noticed Vashnia
 46641 | Snake:2  | Killed Vashnia
 47390 | Snake:3  | Found Qeudiudd's General Store.
 47476 | Snake:3  | Reached skill level 25 in Spellcasting
 47973 | Snake:3  | Found Zaomel's Antique Armour Boutique.
 47979 | Snake:3  | Found Istomp's Armour Boutique.
 48141 | Snake:3  | Found Mapiadghili's Weapon Shop.
 48284 | Snake:3  | Found Risatt's Magic Scroll Boutique.
 49139 | Snake:4  | Entered Level 4 of the Snake Pit
 49794 | Snake:4  | Found a transporter.
 49794 | Snake:4  | Noticed Araeheci's ghost (adept MiGl)
 49834 | Snake:4  | Identified the +6 whip of Keusk {distort, rN+ Int+5 Dex-3}
 50169 | Snake:4  | Reached XP level 19. HP: 74/110 MP: 40/50
 50821 | Snake:4  | Found Yrock's Assorted Antiques.
 50898 | Snake:4  | Found a transporter.
 50927 | Snake:4  | Found a snail-covered altar of Cheibriados.
 50930 | Snake:4  | Identified the +8 rapier of Ydoatt {venom, +Blink rC++
                  | Int-3 Dex-5}
 51298 | Snake:4  | Reached skill level 26 in Spellcasting
 52084 | Snake:4  | Got a serpentine rune of Zot
 52284 | Snake:4  | Slain by a shock serpent

Illustrated notes

Levels and vault maps discovered:
D:1:      zaba_arrival_water, layout_rooms, chequers_mini_garden,
          minmay_misc_feat_ornament
D:2:      layout_rooms, chequers_ecumenical_altar_island, basic_altar,
          kennysheep_jessica_study, uniq_terence
D:3:      layout_rooms, lemuel_crystal_altar,
          nicolae_ru_great_annihilating_truth, uniq_sigmund, uniq_grinder,
          uniq_ijyb
D:4:      minmay_razor_zed, layout_basic, jmf_multi_god_temple2,
          minmay_temple_entry_grid, portal_sewer_entry_a,
          minmay_hollow_rounded_squares, uniq_pikel, uniq_purgy
D:5:      layout_basic, uniq_menkaure
D:6:      lemuel_slime, layout_cave_pods
D:7:      layout_gridville
D:8:      layout_rooms, pdpol_temple_overflow_zin_treasury_gozag_greed,
          roderic_batcave, uniq_gastronok
D:9:      layout_basic, lair_entry_dummy, the_hattery
D:10:     layout_loops_corners, nzn_overflow_gifts_of_might_and_magic,
          gammafunk_temple_overflow_statue
D:11:     minmay_the_grid_4x2 [minmay_the_grid_outer_circle,
          minmay_the_grid_expand, minmay_the_grid_dragon_b,
          minmay_the_grid_broken_lines, minmay_the_grid_mess,
          minmay_the_grid_medium_cups, minmay_the_grid_square_x,
          minmay_the_grid_prize_trominoes], layout_basic,
          nicolae_elyvilon_peaceful_grove
D:12:     layout_gridville, orc_0_dummy, chequers_arboretum,
          chequers_serial_rivers_small_3, uniq_psyche, uniq_josephine,
          uniq_erolcha
D:13:     layout_irregular_city, nicolae_qazlal_scattered_showers
D:14:     layout_basic, david_vaults_2, minmay_misc_feat_pillars, uniq_roxanne
D:15:     hangedman_depths_entry_civil_slaughter, layout_irregular_city,
          minmay_misc_feat_room, evilmike_butchery
Temple:   hc_temple_tempest_star
Lair:1:   layout_regular_city, uniq_maggie, uniq_harold
Lair:2:   layout_small_grid, basic_altar, uniq_erica, uniq_fannar
Lair:3:   layout_layer_cave, minmay_snake_entry_six_corridors, st_stairs_4,
          minmay_lair_oklob_bushes, columned_hall_lemuel, beast_lair_carwin_2,
          lemuel_fruit_tree
Lair:4:   gammafunk_cloud_chamber, layout_gridlike, elwin_shoals_entry_stream
Lair:5:   layout_loops_ring, st_stairs_5, serial_bayou_shore_a,
          serial_bayou_shore_b
Lair:6:   due_jungle_book, layout_regular_city, minmay_slime_entry_pillars,
          serial_bayou_shore_b
Shoals:1: layout_shoals
Shoals:2: layout_shoals
Shoals:3: argonaut_golden_fleece, layout_shoals, serial_shops, shop, shop,
          nicolae_shop_statue_plus, nicolae_shop_temple_entry_statues_fountains,
          nicolae_island_escapes
Shoals:4: shoals_end_hangedman, layout_shoals, shoals_ilsuiw_ice,
          uniq_polyphemus, uniq_aizul
Snake:1:  cheibrodos_snake_lava_hold, layout_gridlike,
          nicolae_coiled_stairwell_down, grunt_megastairs_4
Snake:2:  layout_layer_cave, uniq_vashnia
Snake:3:  layout_basic, serial_shops, shop, shop, shop, nicolae_shop_crystal,
          nicolae_shop_overgrown_old_shop
Snake:4:  minmay_snake_end_coiled, layout_rooms, serial_shops, shop,
          basic_altar, gammafunk_ghost_arena, grunt_ministairs_11,
          nicolae_snake_storage_room
Orc:1:    layout_caves, lightli_church_of_beogh
Orc:2:    grunt_orc_community_town_hall, layout_caves,
          grunt_orc_community_big_house_1, grunt_orc_community_big_house_2,
          grunt_orc_community_house_2, grunt_orc_community_house_3,
          grunt_orc_community_house_2, grunt_orc_community_house_3,
          grunt_orc_community_house_3, grunt_orc_community_house_2, basic_altar,
          uniq_nessos

Skill      XL: |  1  2  3  4  5  6  7  8  9 10 11 12 13 14 15 16 17 18 19 |
---------------+----------------------------------------------------------+-----
Spellcasting   | 5 6 7 9 10 12 14 15 17 19 20 21 23 24 25 26 | 26.1
Fighting       | 1 2 3 4 6 7 8 9 |  9.9
Armour         | 1 2 3 4 5 6 7 9 |  9.0
Conjurations   | 2 3 4 5 7 8 9 10 12 13 14 15 16 17 | 17.0
Dodging        | 3 |  3.0
Fire Magic     | 1 3 4 6 7 9 10 11 12 13 14 15 16 | 16.8
Stealth        | 3 |  3.2
Air Magic      | 1 |  1.3
Poison Magic   | 1 |  1.3
Evocations     | 1 |  1.1
Shields        | 2 4 |  4.1
Ice Magic      | 1 |  1.0
Summonings     | |  1.1
Translocations | |  1.1

Action                   |  1- 3 |  4- 6 |  7- 9 | 10-12 | 13-15 | 16-18 | 19-21 || total
-------------------------+-------+-------+-------+-------+-------+-------+-------++-------
Melee: Dagger            |     6 |    14 |    13 |       |       |       |       ||    33
       Short sword       |       |       |    89 |    17 |       |       |       ||   106
       Whip              |       |       |    20 |       |       |       |       ||    20
       Scimitar          |       |       |       |    52 |    29 |       |       ||    81
       Staff             |       |       |       |       |     5 |    63 |     5 ||    73
 Cast: Magic Dart        |   135 |    57 |   188 |    33 |    16 |       |     1 ||   430
       Conjure Flame     |       |     5 |    28 |    51 |     5 |       |       ||    89
       Mephitic Cloud    |       |     4 |    20 |    36 |    31 |     5 |       ||    96
       Call Imp          |       |    14 |    10 |    11 |     1 |       |       ||    36
       Blink             |       |       |     6 |     2 |     2 |     5 |     2 ||    17
       Shock             |       |       |    43 |   329 |    10 |    50 |    11 ||   443
       Starburst         |       |       |       |    43 |   335 |   323 |    21 ||   722
       Orb of Destructio |       |       |       |       |    15 |    23 |    13 ||    51
       Freezing Cloud    |       |       |       |       |     1 |   193 |    50 ||   244
       Ignition          |       |       |       |       |       |    23 |    10 ||    33
       Swiftness         |       |       |       |       |       |       |     1 ||     1
Evoke: Wand              |       |       |       |     6 |     3 |     4 |       ||    13
  Use: Scroll            |       |       |       |    14 |    10 |     9 |       ||    33
       Potion            |       |       |       |       |       |     2 |       ||     2
 Stab: Sleeping          |     2 |       |     3 |       |       |     2 |       ||     7
       Confused          |       |     2 |     8 |     5 |     1 |       |       ||    16
Armor: Robe              |     2 |       |       |       |       |       |       ||     2
       Leather armour    |       |     3 |    73 |    22 |       |       |       ||    98
       Acid dragon scale |       |       |       |    41 |    19 |       |       ||    60
       Steam dragon scal |       |       |       |     3 |       |       |       ||     3
       Swamp dragon scal |       |       |       |       |    41 |   157 |    21 ||   219
Dodge: Dodged            |    20 |    15 |   137 |    99 |    61 |   123 |    12 ||   467
Block: Buckler           |       |       |       |       |    17 |    81 |    10 ||   108
       Rpst.: Scimitar   |       |       |       |     7 |    16 |       |       ||    23

Table legend: (Time is in decaauts)
 A = Elapsed time spent in this place.
 B = Non-inter-level travel time spent in this place.
 C = Inter-level travel time spent in this place.
 D = Time resting spent in this place.
 E = Time spent auto-exploring this place.
 F = Levels seen in this place.
 G = Mean time per level.
                   A        B        C        D        E       F      G
               +--------+--------+--------+--------+--------+-----+--------+
         Total |  52703 |  49041 |   3662 |   6714 |  34540 |  33 | 1597.1 |
       Dungeon |  23967 |  21432 |   2535 |   2832 |  15041 |  15 | 1597.8 |
        Temple |    229 |    213 |     16 |      0 |      0 |   1 |  229.0 |
          Lair |   8932 |   8384 |    548 |    763 |   6741 |   6 | 1488.7 |
        Shoals |   7206 |   6992 |    214 |   1269 |   4781 |   4 | 1801.5 |
     Snake Pit |   8915 |   8708 |    207 |   1423 |   5693 |   4 | 2228.8 |
  Orcish Mines |   2825 |   2685 |    140 |    276 |   1859 |   2 | 1412.5 |
         Sewer |    625 |    625 |      0 |    151 |    424 |   1 |  625.0 |
               +--------+--------+--------+--------+--------+-----+--------+

Top non-repeatable levels by time:
    D:14: 2765 daAuts
 Snake:4: 2758 daAuts
 Snake:1: 2543 daAuts
    D:11: 2519 daAuts
  Lair:6: 2493 daAuts
Shoals:3: 2336 daAuts
Shoals:4: 2198 daAuts
 Snake:3: 2166 daAuts
   Orc:2: 2076 daAuts
     D:4: 1874 daAuts
     D:6: 1747 daAuts
     D:1: 1724 daAuts
    D:10: 1622 daAuts
  Lair:3: 1547 daAuts
    D:12: 1534 daAuts
